Map: [ESL] Data-C

Players

ShaDoWn

  • Race: Protoss Protoss
  • Spawn Location: 3:00

DRG - Winner!

  • Race: Zerg Zerg
  • Spawn Location: 9:00

Event: DreamHack SC2 Masters 2022 Valencia

VOD

Have the link to the VOD?

Description

Time

  • Played on: July 2, 2022, 6:33 a.m.
  • Length: 12:43

All games in this series

Show
View Real Time Build Order
Export as new Build Order

ShaDoWn Protoss 

Build Orders: 1 Gate Expand, Oracle Opening, Zealot Archon 

Get SALT Encoding   

  12  0:00  Probe  
  13  0:12  Probe  
  14  0:20  Pylon  
  14  0:24  Probe  
  15  0:38  Probe (Chrono Boost)  
  15  0:40  Gateway  
  16  0:47  Probe (Chrono Boost)  
  17  0:51  Assimilator  
  17  0:52  Probe (Chrono Boost)  
  18  1:04  Probe  
  19  1:16  Probe  
  20  1:26  Nexus  
  20  1:38  Cybernetics Core  
  20  1:39  Probe  
  21  1:44  Assimilator  
  21  1:51  Probe  
  22  1:54  Pylon  
  22  2:04  Probe (Chrono Boost)  
  23  2:14  Adept  
  26  2:16  Probe (Chrono Boost)  
  26  2:19  Stargate  
  26  2:22  Probe (Chrono Boost)  
  27  2:30  Warp Gate, Probe (Chrono Boost)  
  28  2:40  Probe (Chrono Boost)  
  28  2:41  Probe (Chrono Boost)  
  28  2:44  Stalker  
  32  2:48  Probe (Chrono Boost)  
  32  2:49  Probe (Chrono Boost)  
  34  2:53  Probe (Chrono Boost)  
  34  2:57  Probe  
  36  3:03  Oracle (Chrono Boost)  
  36  3:04  Probe  
  37  3:09  Probe  
  37  3:12  Pylon  
  41  3:16  Probe  
  42  3:21  Probe  
  42  3:24  Gateway  
  43  3:28  Probe  
  43  3:34  Probe  
  45  3:35  Oracle (Chrono Boost)  
  48  3:46  Probe  
  49  3:48  Probe  
  50  3:58  Pylon  
  50  4:00  Nexus  
  50  4:01  Probe  
  51  4:04  Probe  
  51  4:07  Assimilator  
  52  4:11  Assimilator  
  52  4:16  Probe (Chrono Boost), Oracle, Shield Battery  
  57  4:17  Probe (Chrono Boost)  
  57  4:27  Probe (Chrono Boost)  
  57  4:28  Twilight Council  
  57  4:29  Probe (Chrono Boost), Forge  
  59  4:32  Probe (Chrono Boost)  
  59  4:38  Probe  
  61  4:39  Gateway  
  61  4:40  Gateway  
  61  4:43  Probe  
  62  4:48  Robotics Facility  
  62  4:53  Pylon  
  62  5:05  Pylon  
  62  5:08  Protoss Ground Weapons Level 1, Charge  
  62  5:11  Probe (Chrono Boost)  
  64  5:14  Probe (Chrono Boost)  
  64  5:16  Probe (Chrono Boost)  
  65  5:23  Probe (Chrono Boost)  
  65  5:25  Zealot  
  65  5:26  Probe (Chrono Boost), Zealot  
  65  5:27  Probe (Chrono Boost)  
  72  5:28  Probe (Chrono Boost)  
  72  5:31  Probe (Chrono Boost)  
  72  5:35  Probe, Shield Battery  
  75  5:37  Probe  
  75  5:39  Zealot x2  
  75  5:41  Warp Prism (Chrono Boost)  
  83  5:42  Probe  
  83  5:44  Pylon  
  83  5:47  Probe  
  83  5:51  Probe  
  83  5:55  Nexus  
  83  5:56  Probe  
  85  6:01  Zealot x2  
  85  6:03  Probe  
  89  6:07  Probe  
  89  6:09  Probe  
  91  6:11  Pylon  
  91  6:13  Observer  
  91  6:15  Probe  
  91  6:16  Pylon  
  93  6:19  Probe  
  93  6:21  Probe  
  95  6:28  Probe  
  95  6:41  Probe  
  95  6:46  Probe  
  90  6:50  Immortal (Chrono Boost)  
  90  6:51  Phoenix  
  96  6:54  Templar Archives  
  96  6:57  Nexus, Probe, Gateway x3  
  96  6:58  Assimilator  
  96  6:59  Probe, Zealot x3  
  96  7:00  Assimilator, Zealot  
  106  7:07  Probe  
  107  7:08  Shield Battery  
  107  7:10  Pylon  
  107  7:11  Photon Cannon, Probe  
  107  7:12  Pylon  
  107  7:13  Protoss Ground Weapons Level 2 (Chrono Boost)  
  108  7:15  Probe  
  108  7:18  Photon Cannon  
  109  7:26  Probe, Warp Prism (Chrono Boost)  
  109  7:27  Pylon  
  109  7:29  Probe x2  
  106  7:35  High Templar  
  108  7:38  Probe  
  108  7:41  Pylon  
  109  7:44  Photon Cannon  
  109  7:45  Probe x2, Phoenix, High Templar x2  
  109  7:50  Gateway  
  109  7:51  Archon  
  117  7:52  Gateway  
  117  7:54  Gateway  
  117  7:56  Shield Battery  
  117  7:59  Probe x2  
  117  8:00  Probe  
  107  8:10  Probe (Chrono Boost)  
  107  8:11  Probe x2 (Chrono Boost)  
  108  8:13  Probe (Chrono Boost)  
  108  8:16  High Templar x3  
  108  8:17  High Templar  
  108  8:18  Gateway  
  117  8:22  Archon  
  117  8:23  Probe (Chrono Boost), Archon  
  117  8:24  High Templar  
  122  8:27  Probe (Chrono Boost)  
  122  8:28  Probe (Chrono Boost)  
  122  8:31  Probe (Chrono Boost)  
  122  8:33  Probe (Chrono Boost)  
  122  8:38  Probe x2  
  123  8:41  Probe  
  123  8:43  Probe, Assimilator  
  123  8:44  Archon, Assimilator  
  123  8:47  Photon Cannon  
  125  8:50  Photon Cannon, Probe x2  
  125  8:52  Zealot x5  
  137  8:58  Phoenix (Chrono Boost)  
  139  9:04  Stargate  
  139  9:09  Probe  
  140  9:18  Fleet Beacon  
  140  9:25  Probe x3  
  140  9:28  Photon Cannon, Pylon  
  140  9:29  Zealot  
  140  9:30  Photon Cannon  
  139  9:36  Probe  
  129  9:38  Probe  
  129  9:42  Zealot x3  
  129  9:43  Zealot x2  
  130  9:51  Zealot x4  
  117  9:53  Probe  
  118  10:00  Carrier (Chrono Boost)  
  118  10:01  High Templar x4  
  118  10:03  Photon Cannon  
  118  10:06  Carrier (Chrono Boost)  
  138  10:08  Psionic Storm  
  138  10:09  Archon  
  138  10:17  Gateway  
  138  10:18  Gateway  
  138  10:21  Gateway  
  138  10:25  High Templar  
  140  10:29  Protoss Air Weapons Level 1 (Chrono Boost)  
  140  10:33  Warp Prism (Chrono Boost), High Templar x2  
  140  10:50  Photon Cannon  
  140  10:52  Shield Battery  
  140  10:53  Archon  
  140  10:59  Immortal  
  140  11:00  Carrier (Chrono Boost)  
  127  11:18  Nexus  
  127  11:20  Pylon  
  127  11:23  Pylon  
  127  11:25  Pylon  
  127  11:39  Carrier (Chrono Boost)  
  127  11:40  Pylon  
  127  11:41  Probe x3  
  127  11:44  High Templar x4  
  127  11:45  High Templar  
  140  11:53  Probe  
  141  11:58  Probe x2  
  135  12:02  Zealot x2  
  135  12:06  Probe  
  118  12:10  Archon, Probe  
  112  12:23  High Templar x2  
  112  12:24  High Templar x2, Zealot x3  
  126  12:35  Archon  
Show
View Real Time Build Order
Export as new Build Order

DRG Zerg - Winner!

Build Orders: Hatch First 

Get SALT Encoding   

  12  0:00  Drone  
  13  0:12  Overlord  
  13  0:16  Drone  
  14  0:30  Drone x2  
  14  0:34  Drone  
  17  0:51  Hatchery  
  17  0:54  Drone  
  17  0:57  Drone  
  18  1:08  Extractor  
  17  1:12  Spawning Pool  
  17  1:16  Drone  
  17  1:19  Drone  
  18  1:27  Drone  
  19  1:38  Drone  
  20  1:49  Drone  
  21  1:59  Overlord  
  21  2:02  Queen  
  21  2:03  Queen, Zergling x2  
  26  2:09  Metabolic Boost  
  26  2:10  Zergling x2  
  27  2:16  Drone  
  27  2:21  Drone  
  29  2:25  Drone  
  30  2:32  Drone  
  30  2:36  Drone  
  32  2:40  Hatchery  
  31  2:45  Queen  
  31  2:48  Overlord  
  33  2:53  Drone  
  33  2:57  Drone  
  35  2:58  Overlord  
  35  3:06  Queen  
  35  3:11  Drone x3  
  40  3:15  Drone  
  40  3:17  Drone  
  40  3:19  Drone  
  43  3:20  Drone  
  43  3:26  Queen  
  46  3:31  Overlord  
  46  3:38  Drone  
  47  3:42  Queen  
  47  3:45  Drone x3  
  52  3:49  Overlord  
  52  3:50  Zergling x4  
  52  3:53  Spore Crawler  
  53  3:57  Queen  
  53  4:01  Drone x2  
  57  4:03  Drone  
  57  4:06  Drone x2  
  60  4:11  Evolution Chamber  
  60  4:13  Drone  
  60  4:15  Drone  
  61  4:17  Drone x2  
  61  4:19  Zergling x2  
  61  4:20  Drone x3  
  67  4:25  Overlord  
  67  4:27  Drone  
  67  4:29  Spore Crawler  
  67  4:32  Overlord  
  67  4:38  Overlord  
  67  4:39  Zerg Melee Weapons Level 1  
  67  4:45  Baneling Nest  
  66  4:47  Zergling x8  
  66  4:52  Zergling x6  
  73  4:54  Overlord  
  72  5:00  Drone  
  72  5:01  Drone  
  72  5:02  Drone  
  72  5:03  Drone x2  
  72  5:06  Drone x3  
  79  5:08  Drone  
  79  5:09  Drone  
  79  5:12  Lair  
  81  5:15  Drone x2  
  81  5:17  Drone  
  81  5:20  Drone x2  
  86  5:22  Overlord  
  86  5:26  Drone  
  86  5:29  Extractor  
  86  5:30  Extractor  
  86  5:32  Drone x2  
  86  5:34  Drone x3  
  85  5:36  Spore Crawler, Drone x4  
  88  5:43  Hatchery  
  88  5:49  Zergling x10  
  92  5:52  Roach Warren  
  92  5:55  Overlord, Zergling x2  
  92  6:00  Overlord  
  92  6:03  Overlord  
  92  6:04  Zergling x14  
  92  6:06  Zergling x2  
  100  6:13  Centrifugal Hooks  
  100  6:15  Overlord x2  
  100  6:17  Zergling x2  
  101  6:22  Zergling x2  
  101  6:25  Zergling x2  
  101  6:33  Drone x10  
  107  6:44  Zergling x4  
  107  6:45  Zerg Melee Weapons Level 2  
  106  6:50  Zergling x6  
  107  6:55  Queen  
  107  6:57  Overlord  
  109  7:03  Drone x6  
  109  7:04  Spore Crawler  
  109  7:05  Zergling x12  
  109  7:07  Glial Reconstitution, Overlord  
  120  7:14  Zergling x4  
  122  7:21  Zergling x4  
  124  7:27  Zergling x8  
  128  7:31  Zergling x16  
  128  7:32  Evolution Chamber, Zergling x2, Baneling x13  
  136  7:38  Zergling x4  
  136  7:41  Overlord  
  136  7:42  Zergling x8  
  140  7:48  Zergling x2  
  140  7:51  Overlord  
  141  7:53  Hatchery  
  141  7:54  Zergling x4  
  132  7:59  Zergling x18  
  132  8:02  Zergling x2  
  137  8:06  Zerg Ground Armor Level 1  
  137  8:07  Drone x2  
  137  8:11  Baneling x6  
  137  8:12  Roach  
  139  8:13  Overlord  
  139  8:14  Overlord  
  139  8:16  Queen x3  
  139  8:17  Extractor x2  
  139  8:19  Drone x4  
  147  8:21  Drone  
  147  8:24  Drone  
  149  8:29  Overseer  
  149  8:30  Extractor  
  149  8:31  Roach x4, Extractor  
  149  8:32  Zergling x12  
  160  8:37  Zergling x2  
  160  8:39  Overlord  
  159  8:42  Roach x4  
  166  8:48  Drone  
  166  8:53  Infestation Pit, Zergling x8  
  170  8:58  Zergling x18  
  170  9:00  Baneling x5  
  170  9:01  Baneling  
  179  9:08  Roach x6  
  191  9:10  Zergling x2  
  191  9:14  Baneling x5  
  192  9:17  Zergling x6  
  194  9:26  Zergling x16  
  196  9:31  Zergling x2  
  196  9:32  Zergling x6  
  196  9:37  Zergling x2  
  196  9:38  Zergling x8  
  199  9:45  Drone x3  
  192  9:47  Zergling x2  
  192  9:51  Zergling x6  
  184  9:56  Zergling x16  
  191  10:00  Hive, Zerg Ground Armor Level 2  
  191  10:01  Zerg Missile Weapons Level 1  
  191  10:03  Drone x3  
  191  10:05  Baneling x10  
  191  10:06  Baneling x7  
  194  10:07  Overseer  
  194  10:11  Zergling x10  
  197  10:37  Spire, Zergling x4  
  197  10:38  Extractor  
  197  10:42  Baneling x8  
  197  10:56  Zergling x6  
  192  11:06  Zergling x30  
  176  11:16  Zergling x34  
  185  11:22  Zergling x14  
  185  11:23  Zergling x6  
  195  11:27  Baneling x11  
  195  11:28  Overlord x2  
  195  11:29  Zergling x2  
  195  11:30  Zergling x2  
  195  11:31  Baneling x4  
  195  11:32  Overlord, Baneling x16  
  184  11:51  Spine Crawler x2  
  184  11:52  Extractor  
  181  12:00  Corruptor x7  
  182  12:04  Corruptor  
  182  12:06  Zergling x32  
  189  12:13  Zergling x4  
  178  12:21  Zergling x18  

Tags
 
Add a new tag
Caveats
  • Supply blocks, unpowered buildings, or Contaminate may cause inaccurate times.
  • Supply counts are checked every 10 seconds.